 Dungeon Crawl Stone Soup version 0.31.0-11-ge490571c62 (webtiles) character file.

Game seed: 13706981958880378871

10 Bravepunisher the Ducker (level 2, 16/16 HPs)
             Began as a Spriggan Monk on Feb 3, 2024.
             Quit the game on level 2 of the Dungeon.
             The game lasted 00:02:51 (373 turns).

Bravepunisher the Ducker (Spriggan Monk)             Turns: 373, Time: 00:02:52

Health: 16/16      AC:  2    Str:  7    XL:     2   Next: 10%
Magic:  3/3        EV: 19    Int: 11    God:
Gold:   39         SH:  0    Dex: 17    Spells: 1/1 levels left

rFire   . . .        a - +0 short sword
rCold   . . .        (no shield)
rNeg    . . .        b - +0 robe
rPois   .            (helmet restricted)
rElec   .            (no cloak)
rCorr   .            (gloves unavailable)
SInv    +            (boots unavailable)
Will    .....        (no amulet)
Stlth   ++           (no ring)
HPRegen 0.22/turn    (no ring)
MPRegen 0.08/turn

%: no passive effects
@: very quick
A: very small, no large weapons, unfitting armour, see invisible, speed 3
a: no special abilities


You were on level 2 of the Dungeon.
You visited 2 branches of the dungeon, and saw 5 of its levels.

You collected 39 gold pieces.

Inventory:

Hand Weapons
 a - a +0 short sword (weapon)
Armour
 b - a +0 robe (worn)
Wands
 g - a wand of charming (7)
Scrolls
 d - 2 scrolls of torment {unknown}
 e - a scroll of teleportation {unknown}
 h - a scroll of noise {unknown}
Potions
 c - a potion of ambrosia
 f - a potion of degeneration {unknown}


   Skills:
 + Level 2.6 Fighting
 - Level 3.2 Short Blades
 * Level 4.6 Dodging


You had one spell level left.
You didn't know any spells.
Your spell library was empty.

Dungeon Overview and Level Annotations

Branches:
Dungeon (4/15)             Temple (1/1) D:4

Altars:
Ashenzari
Fedhas
Gozag
Hepliaklqana
Kikubaaqudgha
Okawaru
Qazlal
Ru
Sif Muna
Uskayaw
Vehumet
Xom
Zin
The Shining One


Innate Abilities, Weirdness & Mutations

You are very small and have problems with some larger weapons.
You are too small for most types of armour.
You have supernaturally acute eyesight. (SInv)
You cover ground extremely quickly. (Speed+++)


Message History

You hit the jackal.
The jackal is severely wounded.
The jackal completely misses you.
You closely miss the jackal.
The jackal is severely wounded.
The jackal closely misses you. The jackal completely misses you.
You hit the jackal but do no damage.
The jackal is severely wounded.
The jackal misses you.
You hit the jackal but do no damage.
The jackal is severely wounded.
The jackal barely misses you.
You barely miss the jackal.
The jackal is severely wounded.
The jackal bites you but does no damage.
You hit the jackal.
You kill the jackal!
You see here a quokka corpse.
Found 10 gold pieces and a ring mail.
You now have 5 gold pieces.
You now have 15 gold pieces (gained 10).
You now have 28 gold pieces (gained 13).
h - a scroll labelled FIPNODD FONAI You now have 39 gold pieces (gained 11).
There is an open gate here.
You open the gate.
There is an open gate, spattered with blood here.
A quokka comes into view.
The adder hisses angrily.
There is a stone staircase leading down here.
There is a stone staircase leading up here.
You climb upwards.
There is a stone staircase leading down here.
You climb downwards.
There is a stone staircase leading up here.
Found 11 gold pieces.
There is a stone staircase leading up here.
You climb upwards.
There is a stone staircase leading down here.
Are you sure you want to abandon this character and quit the game? (Confirm with "yes".)

#.# ..# #.# #..# #.#
###..# #.## ##.#
#..... #..#
...######.##
.####### ...#
##........># ......#
###..####
#.........####.....#
#.......#
#..................#
#.......#
##############.@...#
#.......# #######
#..>....# #.......#
#.......# #########


There were no monsters in sight!

Vanquished Creatures
  A giant cockroach (D:1)
  A goblin (D:2)
  2 jackals (D:3)
  3 quokkas (D:3)
  A bat (D:3)
8 creatures vanquished.

Notes
Turn   | Place    | Note
-------+----------+-------------------------------------------
     0 | D:1      | Bravepunisher the Spriggan Monk began the quest for the
                  | Orb.
     0 | D:1      | Reached XP level 1. HP: 11/11 MP: 2/2
   122 | D:4      | Found a staircase to the Ecumenical Temple.
   131 | Temple   | Entered the Ecumenical Temple
   186 | D:3      | Found a sacrificial altar of Ru.
   191 | D:3      | Found a glowing golden altar of the Shining One.
   252 | D:3      | Reached XP level 2. HP: 9/16 MP: 3/3
   373 | D:2      | Quit the game

Illustrated notes

Levels and vault maps discovered:
D:1:      scummos_arrival_simple_crosswalls, layout_rooms
D:2:      minmay_diamond_boxcup, layout_rooms, basic_altar, minmay_ruptured
D:3:      layout_rooms, yredelemnul_forgotten_temple_becter,
          mainiacjoe_overflow_big_doors, serial_bayou_ford_a
D:4:      layout_loops_cross, minmay_temple_entry_waves,
          nicolae_figureground_sparkle
Temple:   minmay_temple_forest_path

Action                     || total
---------------------------++-------
  Melee: Short sword       ||    62
         Punch             ||     1
 Armour: Robe              ||    18
  Dodge: Dodged            ||    52
